Map: [ESL] Site Delta

Players

BabyMarine - Winner!

  • Race: Terran Terran
  • Spawn Location: 11:00

Stephano

  • Race: Zerg Zerg
  • Spawn Location: 5:00

Event: HomeStory Cup XXIV

VOD

Have the link to the VOD?

Description

Time

  • Played on: Dec. 2, 2023, 10:54 a.m.
  • Length: 21:45

All games in this series

Show
View Real Time Build Order
Export as new Build Order

BabyMarine Terran - Winner!

Build Orders: Reaper Expand, Hellion Banshee 

Get SALT Encoding   

  12  0:00  SCV  
  13  0:12  SCV  
  14  0:17  Supply Depot  
  14  0:24  SCV  
  15  0:38  SCV  
  15  0:40  Barracks  
  16  0:44  Refinery  
  16  0:50  SCV  
  17  1:03  SCV  
  18  1:15  SCV  
  19  1:27  Orbital Command, Reaper  
  20  1:39  Command Center  
  20  1:49  Supply Depot  
  20  1:53  SCV  
  21  1:59  Marine  
  22  2:05  SCV  
  23  2:11  Factory  
  23  2:17  SCV  
  23  2:20  Barracks Reactor  
  24  2:29  SCV  
  25  2:41  SCV  
  25  2:43  Command Center  
  26  2:51  Orbital Command  
  26  2:53  SCV  
  27  3:02  Starport  
  27  3:06  Refinery  
  27  3:09  Hellion  
  29  3:15  Hellion  
  29  3:18  SCV x2  
  32  3:20  Barracks Tech Lab  
  32  3:30  Hellion, SCV  
  32  3:31  SCV  
  36  3:37  Hellion  
  38  3:42  SCV  
  38  3:43  Banshee  
  38  3:45  SCV  
  43  3:54  SCV  
  43  3:55  Orbital Command  
  44  3:56  Cloaking Field  
  44  3:58  Hellion, SCV  
  44  4:02  Hellion  
  49  4:06  Barracks Tech Lab  
  49  4:08  SCV  
  49  4:09  Supply Depot  
  50  4:11  SCV  
  51  4:19  Hellion  
  51  4:20  SCV  
  51  4:22  SCV  
  51  4:23  SCV  
  56  4:26  Banshee, Hellion  
  61  4:37  Supply Depot  
  61  4:39  SCV x2  
  61  4:40  Stimpack  
  61  4:42  Orbital Command  
  63  4:48  Barracks  
  63  4:51  SCV x2  
  63  4:52  Barracks, Marine  
  64  4:54  Engineering Bay  
  64  4:56  Engineering Bay  
  64  4:57  Factory Reactor  
  64  5:00  Refinery x2  
  64  5:03  SCV x2  
  66  5:09  Marine  
  66  5:12  SCV  
  68  5:15  Barracks, SCV x2  
  68  5:16  Barracks  
  70  5:22  Terran Infantry Weapons Level 1  
  70  5:26  Supply Depot  
  70  5:27  Marine, SCV  
  70  5:29  Starport Reactor, SCV x2  
  72  5:39  SCV  
  72  5:41  SCV x2  
  72  5:42  Supply Depot  
  75  5:43  Terran Infantry Armor Level 1, Supply Depot  
  75  5:45  Marine  
  76  5:51  SCV  
  76  5:54  Marine x2  
  76  5:55  SCV x2  
  79  6:00  Marine x2  
  79  6:02  Siege Tank  
  79  6:03  Supply Depot, Marine  
  86  6:04  SCV  
  86  6:05  Supply Depot  
  86  6:07  SCV x2  
  86  6:08  Marine x2  
  90  6:12  Marine x2  
  90  6:16  SCV  
  90  6:17  Medivac  
  90  6:18  Marine  
  92  6:19  Medivac, SCV  
  92  6:23  Marine x2, SCV  
  96  6:28  SCV  
  96  6:31  SCV  
  96  6:32  Armory, Marine x2  
  95  6:34  Barracks Reactor x2  
  95  6:38  SCV  
  98  6:40  SCV  
  98  6:45  Marine x3, SCV  
  103  6:47  Siege Tank  
  103  6:50  SCV, Marine  
  103  6:52  SCV  
  103  6:53  Refinery  
  103  6:54  Refinery  
  109  6:56  Supply Depot  
  109  7:00  Combat Shield  
  109  7:02  Marine  
  109  7:03  Marine  
  109  7:07  Factory, SCV  
  109  7:08  Marine x2, SCV  
  113  7:09  Supply Depot, SCV  
  113  7:11  Marine, Supply Depot  
  117  7:18  Marine x4  
  117  7:20  Marine, SCV  
  123  7:26  Marine x2  
  123  7:27  SCV  
  115  7:30  Marine x2  
  110  7:37  SCV x2  
  110  7:38  Marine x5  
  110  7:39  Siege Tank  
  118  7:44  Marine x2  
  118  7:45  Medivac x2  
  118  7:48  Marine x2  
  126  7:51  Terran Infantry Weapons Level 2, SCV x2  
  126  7:54  SCV  
  126  7:55  Terran Infantry Armor Level 2, Marine x2  
  130  7:58  Factory Reactor  
  130  8:02  Marine x4  
  130  8:03  SCV, Marine  
  136  8:11  Drilling Claws  
  137  8:12  SCV  
  137  8:13  Marine x2, SCV  
  137  8:14  Command Center  
  137  8:17  Marine  
  141  8:29  Supply Depot  
  141  8:30  Supply Depot  
  141  8:31  Marine x2  
  141  8:32  Siege Tank  
  141  8:34  SCV x2  
  148  8:35  Marine  
  148  8:36  Marine  
  149  8:48  Barracks  
  149  8:50  Medivac x2  
  149  8:51  Barracks x2, Widow Mine x2  
  149  8:52  SCV  
  149  8:54  Marine x2  
  136  8:55  Marine x2  
  136  8:56  Marine x2  
  136  8:57  Marine  
  136  8:58  SCV x2, Marine  
  144  9:07  Widow Mine  
  146  9:12  Marine x3, Widow Mine x2  
  146  9:13  Marine x2  
  146  9:14  SCV, Marine x2  
  157  9:17  SCV  
  157  9:20  Marine x2  
  157  9:21  Medivac x2  
  156  9:27  Supply Depot  
  156  9:28  Widow Mine, Supply Depot  
  156  9:30  Marine x3  
  156  9:31  Marine x2  
  161  9:37  Marine  
  161  9:38  Marine x2  
  164  9:39  Barracks Tech Lab x2  
  164  9:41  SCV x2  
  164  9:44  SCV  
  167  9:52  Widow Mine x2  
  156  9:53  SCV x2  
  156  9:54  Marine x3  
  156  9:55  Barracks Tech Lab  
  156  9:56  SCV  
  159  10:02  Marauder x3  
  159  10:03  Planetary Fortress  
  159  10:05  SCV x2  
  167  10:10  Sensor Tower  
  167  10:21  Marauder, Marine  
  170  10:22  Marine x5  
  170  10:23  Marauder x2, Marine  
  170  10:25  Terran Infantry Weapons Level 3  
  180  10:31  Terran Infantry Armor Level 3  
  180  10:32  Marine  
  180  10:33  Marauder  
  180  10:37  SCV  
  180  10:38  Marine  
  180  10:41  Marine x2  
  180  10:42  Marauder  
  169  10:44  Marauder  
  169  10:45  Marauder  
  169  10:47  Marine x2  
  175  10:52  Widow Mine x3, Marine x2  
  175  10:54  SCV  
  186  11:00  Command Center  
  184  11:14  Marine x2  
  184  11:15  Marauder x2  
  184  11:18  Refinery x2  
  187  11:19  Sensor Tower  
  187  11:22  Marauder x2, Marine x2  
  186  11:44  Terran Vehicle And Ship Armor Level 1  
  186  11:45  Ghost Academy  
  186  11:46  Command Center  
  186  11:48  Marine x2  
  186  11:49  Marauder x3, Marine x2  
  196  12:02  Marauder  
  196  12:07  Marine x4  
  196  12:08  Concussive Shells  
  175  12:09  Marine x2  
  175  12:10  Marauder x3  
  189  12:15  Widow Mine x3  
  189  12:16  Medivac x2  
  179  12:31  Marauder, Marine x2  
  179  12:32  Ghost x2, Marauder  
  193  12:37  Widow Mine x2  
  193  12:38  Widow Mine  
  197  12:58  Widow Mine x2  
  197  13:03  Liberator  
  200  13:06  Orbital Command  
  191  13:20  Ghost x3  
  194  13:30  Marine x5  
  193  13:46  Command Center  
  193  13:47  Missile Turret  
  193  13:48  Missile Turret  
  193  13:50  Personal Cloaking  
  193  13:51  Terran Vehicle And Ship Armor Level 2  
  193  13:55  Fusion Core, SCV, Starport  
  194  13:57  Starport  
  194  14:05  Ghost x2  
  194  14:09  Refinery  
  198  14:10  Command Center  
  198  14:12  Refinery  
  198  14:14  Command Center  
  200  14:17  Widow Mine  
  196  14:43  Planetary Fortress  
  196  14:50  Starport Reactor, Advanced Ballistics  
  196  14:51  Starport Reactor, Armory  
  187  15:04  Planetary Fortress  
  185  15:09  Widow Mine  
  185  15:10  Liberator x2, Widow Mine  
  185  15:14  Command Center  
  191  15:16  Command Center, Missile Turret, Nuke  
  191  15:17  Ghost x4, Missile Turret  
  191  15:20  Missile Turret  
  178  15:57  Liberator x4  
  190  16:05  Command Center  
  190  16:07  Liberator  
  190  16:08  Liberator  
  196  16:16  Widow Mine  
  196  16:17  Widow Mine  
  200  16:28  Orbital Command  
  199  16:35  Terran Vehicle And Ship Armor Level 3  
  199  16:36  Terran Ship Weapons Level 1  
  199  16:51  Sensor Tower, Command Center  
  199  16:52  Missile Turret  
  199  16:54  Missile Turret  
  197  17:04  Liberator  
  200  17:08  Nuke  
  199  17:18  SCV  
  198  17:25  Neosteel Armor  
  198  17:26  Hi-Sec Auto Tracking  
  190  17:31  Planetary Fortress  
  190  17:32  Refinery  
  190  17:33  Liberator x3  
  190  17:34  Refinery  
  196  17:58  Liberator  
  196  18:01  Orbital Command  
  197  18:20  Orbital Command, Ghost  
  197  18:22  SCV  
  197  18:25  Orbital Command  
  200  18:32  Nuke  
  197  18:46  Widow Mine x2  
  197  18:47  Barracks x2  
  197  18:48  Refinery  
  200  18:51  Starport  
  200  18:52  Starport  
  183  19:17  Liberator x2  
  183  19:19  Ghost x2  
  183  19:21  Marine x5  
  183  19:22  Marauder x2, Marine x2  
  183  19:23  Widow Mine x2  
  200  19:32  Starport Reactor  
  200  19:33  Starport Reactor  
  178  20:07  Widow Mine x2  
  178  20:14  Liberator x4  
  169  20:15  Marauder x4  
  169  20:16  Widow Mine  
  169  20:20  Marine x2  
  193  20:22  Marine  
  193  20:23  Marine x2  
  198  20:28  Widow Mine  
  198  20:32  Planetary Fortress  
  198  20:34  SCV  
  198  20:35  SCV  
  200  20:48  Command Center  
  200  20:50  Command Center  
  200  21:01  Command Center  
  200  21:04  Command Center  
  200  21:05  Ghost  
  199  21:11  Widow Mine  
  199  21:12  Refinery  
  199  21:15  Refinery  
  199  21:21  Widow Mine x2  
Show
View Real Time Build Order
Export as new Build Order

Stephano Zerg 

Build Orders: Hatch First 

Get SALT Encoding   

  12  0:00  Drone  
  13  0:12  Overlord  
  13  0:17  Drone  
  14  0:30  Drone x2  
  16  0:47  Hatchery  
  15  0:50  Drone  
  15  0:53  Drone  
  18  0:57  Drone  
  18  1:07  Extractor  
  17  1:12  Spawning Pool  
  17  1:15  Drone  
  17  1:18  Drone  
  18  1:27  Drone  
  19  1:38  Drone  
  20  1:49  Drone  
  21  1:58  Queen x2  
  21  1:59  Zergling x2  
  21  2:00  Zergling x2  
  27  2:09  Drone  
  27  2:11  Overlord  
  28  2:20  Hatchery  
  27  2:23  Drone  
  28  2:30  Drone  
  28  2:33  Drone x2  
  31  2:37  Queen  
  33  2:46  Overlord  
  33  2:48  Drone  
  34  2:52  Drone  
  34  2:57  Drone  
  36  3:00  Metabolic Boost  
  36  3:06  Drone x2  
  36  3:07  Drone x3  
  41  3:17  Queen, Overlord  
  43  3:21  Drone  
  44  3:31  Queen  
  44  3:32  Queen  
  44  3:33  Drone  
  49  3:34  Zergling x2  
  49  3:35  Zergling x2  
  49  3:41  Drone x2  
  53  3:48  Drone x4  
  57  3:51  Drone  
  57  3:52  Overlord  
  58  3:58  Overlord  
  58  4:06  Evolution Chamber  
  58  4:07  Drone  
  58  4:08  Drone, Evolution Chamber  
  58  4:10  Drone x6  
  58  4:13  Drone x2  
  66  4:24  Queen x2  
  66  4:29  Drone x4  
  66  4:30  Overlord  
  74  4:42  Zerg Ground Armor Level 1  
  74  4:43  Zerg Melee Weapons Level 1  
  74  4:45  Overlord  
  74  4:49  Hatchery  
  74  4:52  Spore Crawler  
  72  4:53  Zergling x8, Spore Crawler  
  75  5:03  Spore Crawler  
  74  5:08  Zergling x6  
  74  5:09  Zergling x4, Overlord  
  74  5:13  Drone x5, Extractor  
  74  5:14  Extractor  
  82  5:17  Drone  
  82  5:18  Drone  
  82  5:21  Queen  
  86  5:22  Lair  
  84  5:38  Zergling x16  
  84  5:40  Spore Crawler  
  91  5:51  Queen  
  91  5:56  Hatchery  
  92  6:00  Drone x4  
  92  6:01  Baneling Nest  
  90  6:04  Drone x9  
  99  6:14  Zergling x8  
  103  6:21  Overseer  
  97  6:26  Zergling x12  
  97  6:29  Drone  
  103  6:34  Overlord  
  103  6:43  Extractor, Zerg Melee Weapons Level 2, Zerg Ground Armor Level 2  
  103  6:44  Extractor  
  101  6:53  Drone x3  
  104  6:57  Zergling x2  
  104  6:58  Zergling x12  
  104  6:59  Overlord x2  
  104  7:00  Centrifugal Hooks  
  111  7:01  Hatchery  
  111  7:07  Overlord x2  
  110  7:15  Zergling x14  
  117  7:17  Baneling x9  
  117  7:27  Zergling x24  
  117  7:36  Zergling x16  
  114  7:46  Zergling x22  
  125  7:52  Drone  
  126  8:02  Overlord  
  126  8:03  Zergling x20  
  135  8:05  Infestation Pit  
  135  8:06  Baneling x11  
  134  8:21  Hatchery  
  134  8:23  Zergling x26  
  145  8:36  Drone  
  145  8:40  Zergling x2  
  146  8:42  Overlord x3  
  146  8:43  Overlord x2  
  146  8:44  Hive  
  144  8:55  Zergling x28  
  131  9:03  Baneling x11  
  131  9:05  Zergling x8  
  134  9:16  Drone x11  
  140  9:22  Baneling  
  140  9:23  Zergling x10, Baneling x5  
  140  9:37  Zergling x24  
  151  9:39  Baneling x10  
  151  9:52  Zergling x16  
  154  10:02  Extractor  
  154  10:03  Zerg Ground Armor Level 3, Ultralisk Cavern, Zerg Melee Weapons Level 3  
  154  10:05  Baneling x8  
  154  10:06  Drone x7  
  159  10:08  Drone  
  159  10:09  Drone, Extractor  
  159  10:10  Drone  
  161  10:16  Baneling x10  
  161  10:17  Baneling  
  161  10:26  Overlord x4  
  130  10:49  Zergling x36  
  152  10:50  Zergling x16  
  150  10:57  Baneling x11  
  150  10:58  Chitinous Plating  
  150  11:06  Overseer x2  
  150  11:08  Pneumatized Carapace  
  147  11:16  Drone  
  147  11:17  Drone x7  
  139  11:37  Ultralisk x2  
  148  11:47  Ultralisk  
  148  11:49  Zergling x30  
  165  12:06  Zergling x16  
  149  12:08  Baneling x10  
  149  12:09  Baneling  
  149  12:13  Zergling x20  
  159  12:18  Extractor  
  159  12:22  Zergling x2  
  158  12:23  Zergling x6  
  156  12:34  Ultralisk x2  
  167  12:39  Zergling x14  
  174  12:56  Hatchery  
  172  13:00  Overseer  
  172  13:01  Overseer  
  170  13:06  Ultralisk x2  
  167  13:23  Ultralisk  
  167  13:26  Zergling x20  
  167  13:27  Zergling x28  
  193  13:43  Overlord  
  191  14:12  Baneling x9  
  191  14:13  Ultralisk  
  191  14:14  Zergling x2  
  191  14:15  Zergling x6  
  182  14:30  Ultralisk x2  
  189  14:47  Zergling x6  
  179  15:05  Ultralisk  
  182  15:07  Baneling  
  182  15:18  Extractor  
  182  15:19  Extractor  
  180  15:25  Zergling x12  
  180  15:26  Zergling x4  
  180  15:28  Overseer  
  183  15:29  Hatchery  
  182  15:42  Zergling x30  
  183  15:43  Zergling x2  
  181  15:55  Zergling x6  
  181  15:56  Zergling x8  
  184  15:58  Hatchery  
  183  16:08  Baneling  
  183  16:09  Baneling x12  
  183  16:10  Hatchery  
  182  16:13  Zergling x12, Queen x2  
  183  16:37  Extractor  
  183  16:39  Overlord  
  182  16:40  Zergling x4  
  182  16:42  Overlord  
  182  16:44  Baneling x5  
  182  16:45  Baneling x14  
  184  16:57  Queen x2  
  184  16:58  Overlord  
  181  17:06  Overseer  
  181  17:12  Zergling x24  
  176  17:24  Zergling x16  
  170  17:31  Zergling x2  
  168  17:43  Zergling x18  
  176  17:48  Drone  
  176  17:50  Spire  
  176  17:52  Zergling x12  
  176  17:53  Overlord  
  176  17:54  Overlord x2  
  176  17:57  Baneling x19  
  157  18:24  Zergling x40  
  157  18:26  Queen x2  
  158  18:41  Spore Crawler, Spine Crawler x2  
  154  18:46  Zergling x12  
  154  18:47  Zergling x8  
  152  18:54  Overseer x3, Baneling x13  
  150  18:59  Zergling x16  
  107  19:18  Corruptor x7  
  114  19:32  Corruptor  
  114  19:33  Corruptor x6  
  104  19:46  Zergling x14  
  95  20:08  Zergling x6  
  95  20:09  Zergling x14  
  105  20:24  Overseer x2  
  101  20:30  Baneling x3  
  101  20:31  Baneling x13  
  101  20:33  Zergling x16  
  101  20:34  Zergling x4  
  111  20:37  Hatchery  
  111  20:38  Zergling x2  
  111  20:55  Drone x3  
Tags
 
Add a new tag
Caveats
  • Supply blocks, unpowered buildings, or Contaminate may cause inaccurate times.
  • Supply counts are checked every 10 seconds.